Demolitions vs Mustangs
(R1)
Created - 25 novembre 2016 at 20:56
Goals
|
Demolitions |
1 |
1 |
0 |
2 |
Mustangs |
2 |
1 |
1 |
4 |
|
Shots
|
Demolitions |
5 |
6 |
5 |
16 |
Mustangs |
13 |
16 |
6 |
35 |
|
1st period
1. Mustangs , Riley Armstrong 7 (Reilly Smith, Brandon Saad) at 1:56
2. Mustangs , Reilly Smith 11 (Riley Armstrong) at 6:30
3. Demolitions , Bobby Butler 11 (Marek Zagrapan) at 16:04
Penalties :
Nigel Dawes (Vic) for Roughing (Minor) at 19:02
2nd period
4. Mustangs , Marcus Foligno 7 (Ryan Keller, Rick Schofield) at 0:44 (PP)
5. Demolitions , Ryan Vesce 6 (Doug Janik) at 5:59
Penalties :
Robert Bortuzzo (Vic) for High sticking (Minor) at 2:50, Corban Knight (Vic) for Interference (Minor) at 14:21, Ryan Vesce (Vic) for Slashing (Minor) at 19:30
3rd period
6. Mustangs , Brandon Saad 3 (Jim O'Brien) at 8:38
Penalties :
Eric Knodel (Ham) for Hooking (Minor) at 2:30, Ryan Keller (Ham) for Holding (Minor) at 9:48
Goalie Stats
Brent Krahn (Vic), 31 saves from 35 shots - (0,886), L, 7-4-1, 60:00 minutes
Chet Pickard (Ham), 14 saves from 16 shots - (0,875), W, 3-1-0, 60:00 minutes
Players Stats for Demolitions
Player Name G A P +/- PIM S H SB GA TA FO MP PP MP PK MP
------------------------------------------------------------------------------------
Alex Hutchings 0 0 0 -1 0 0 0 0 0 0 0/0 9:57 0:15 1:19
Andrew Campbell 0 0 0 0 0 0 0 0 0 1 0/0 11:00 0:00 0:00
Billy Sweat 0 0 0 -2 0 1 1 2 0 1 1/2 15:35 0:00 2:24
Bobby Butler 1 0 1 1 0 3 2 0 1 1 7/13 27:28 2:02 4:55
Cameron Schilling 0 0 0 1 0 1 2 5 0 2 0/0 25:23 2:22 4:10
Corban Knight 0 0 0 -1 2 0 0 0 0 1 6/15 17:40 1:44 0:20
David Laliberté 0 0 0 -1 0 1 1 0 0 0 0/0 14:10 0:03 0:00
David Rundblad 0 0 0 -1 0 1 1 1 0 1 0/0 18:36 1:36 3:29
Doug Janik 0 1 1 1 0 1 2 1 0 0 0/0 25:23 2:22 4:10
Josh Beaulieu 0 0 0 0 0 0 1 0 0 0 0/0 5:49 0:00 0:00
Marek Zagrapan 0 1 1 1 0 1 1 1 1 0 8/19 16:48 2:11 0:00
Matt D'Agostini 0 0 0 -1 0 2 1 0 0 0 0/0 19:01 1:44 1:46
Nick Pryor 0 0 0 -1 0 0 0 0 0 0 0/0 5:01 0:00 0:00
Nigel Dawes 0 0 0 0 2 1 0 5 0 0 2/5 23:34 1:44 3:26
Robert Bortuzzo 0 0 0 0 2 0 1 2 0 0 0/0 11:03 0:00 0:00
Ryan Vesce 1 0 1 1 2 4 3 0 1 2 1/3 22:12 2:11 1:08
Seth Helgeson 0 0 0 -1 0 0 0 1 0 2 0/0 18:36 1:36 3:29
Taylor Aronson 0 0 0 -1 0 0 0 0 0 0 0/0 5:01 0:00 0:00
Players Stats for Mustangs
Player Name G A P +/- PIM S H SB GA TA FO MP PP MP PK MP
------------------------------------------------------------------------------------
Alexei Marchenko 0 0 0 0 0 1 1 1 0 0 0/0 20:27 3:07 1:26
Brandon Saad 1 1 2 1 0 2 4 0 2 0 0/0 11:08 0:00 0:00
Cameron Gaunce 0 0 0 1 0 3 4 1 1 0 0/0 26:38 4:32 2:32
Eric Knodel 0 0 0 0 2 0 0 0 0 0 0/0 13:44 0:00 0:00
Eric Wellwood 0 0 0 2 0 0 3 1 2 1 1/2 21:07 4:18 2:02
Francis Paré 0 0 0 -1 0 2 0 0 0 0 0/0 8:23 0:00 0:00
Jerome Samson 0 0 0 1 0 4 0 0 0 0 0/0 11:08 0:00 0:00
Jim O'Brien 0 1 1 1 0 3 0 0 1 0 7/12 11:48 0:00 0:40
Joe Finley 0 0 0 1 0 1 3 0 1 1 0/0 26:38 4:32 2:32
Joshua Leivo 0 0 0 -1 0 1 1 0 0 0 0/1 8:23 0:00 0:00
Marcus Foligno 1 0 1 -1 0 2 4 0 1 0 1/2 18:10 3:21 1:34
Mark Pysyk 0 0 0 0 0 1 1 0 0 0 0/0 19:44 3:07 1:26
Reilly Smith 1 1 2 2 0 2 3 0 0 1 1/1 19:05 4:18 0:00
Rick Schofield 0 1 1 -1 0 0 1 0 1 0 4/8 18:13 3:21 1:10
Riley Armstrong 1 1 2 2 0 6 4 0 1 0 14/25 21:36 4:18 2:08
Riley Nash 0 0 0 -1 0 4 2 0 0 0 4/5 8:23 0:00 0:00
Ryan Keller 0 1 1 -1 2 3 1 0 1 0 0/1 17:47 3:21 0:22
Scott Mayfield 0 0 0 0 0 0 1 1 0 0 0/0 13:38 0:00 0:00
3 Stars
1 - Riley Armstrong (Ham)
2 - Reilly Smith (Ham)
3 - Brandon Saad (Ham)
Power Play
Demolitions - 0 on 2 Attempt(s) - 0,00%
Mustangs - 1 on 4 Attempt(s) - 25,00%
Penalty Kill
Demolitions - 3 on 4 Attempt(s) - 75,00%
- Score 0 goal in Penalty Kill
Mustangs - 2 on 2 Attempt(s) - 100,00%
- Score 0 goal in Penalty Kill
Team Stat
Demolitions - Hits : 16 - Faceoff Wins : 25 - Blocked Shots : 18 - Penalty Minutes : 8
Mustangs - Hits : 33 - Faceoff Wins : 32 - Blocked Shots : 4 - Penalty Minutes : 4
Official
Referees : Furlatt Eric and Devorski Paul
Linesman : Thor Nelson and Jay Sharrers
Game Notes
No Game Note
Finance
Level 1 -- Attendance: 1553 (77,65%) -- Ticket Income 62 120 $
Level 2 -- Attendance: 729 (72,90%) -- Ticket Income 14 580 $
Total Attendance: 2282 (76,07%)
Total Ticket Income: 76 700 $
Other Income: 3 835 $
Total Income: 80 535 $
Demolitions
5 vs 5 Forward
Center Left Wing Right Wing Time % Phy DF OF
1 Marek Zagrapan Bobby Butler Ryan Vesce 40 1 2 2
2 Corban Knight Nigel Dawes Matt D'Agostini 30 1 2 2
3 Bobby Butler Billy Sweat David Laliberté 20 1 2 2
4 Nigel Dawes Josh Beaulieu Ryan Vesce 10 1 2 2
5 vs 5 Defense
Defense Defense Time % Phy DF OF
1 Doug Janik Cameron Schilling 40 1 2 2
2 Seth Helgeson David Rundblad 30 1 2 2
3 Andrew Campbell Robert Bortuzzo 20 1 2 2
4 Taylor Aronson Nick Pryor 10 1 2 2
PowerPlay Forward
Center Left Wing Right Wing Time % Phy DF OF
1 Marek Zagrapan Bobby Butler Ryan Vesce 60 1 2 2
2 Corban Knight Nigel Dawes Matt D'Agostini 40 1 2 2
PowerPlay Defense
Defense Defense Time % Phy DF OF
1 Doug Janik Cameron Schilling 60 1 2 2
2 Seth Helgeson David Rundblad 40 1 2 2
Penalty Kill 4 Players Forward
Center Wing Time % Phy DF OF
1 Bobby Butler Nigel Dawes 60 1 2 2
2 Ryan Vesce Matt D'Agostini 40 1 2 2
Penalty Kill 4 Players Defense
Defense Defense Time % Phy DF OF
1 Doug Janik Cameron Schilling 60 1 2 2
2 Seth Helgeson David Rundblad 40 1 2 2
Penalty Kill - 3 Players Forward
Forward Time % Phy DF OF
1 Bobby Butler 60 1 2 2
2 Nigel Dawes 40 1 2 2
Penalty Kill - 3 Players Defense
Defense Defense Time % Phy DF OF
1 Doug Janik Cameron Schilling 60 1 2 2
2 Seth Helgeson David Rundblad 40 1 2 2
4 vs 4 Forward
Center Wing Time % Phy DF OF
1 Bobby Butler Nigel Dawes 60 1 2 2
2 Ryan Vesce Matt D'Agostini 40 1 2 2
4 vs 4 Defense
Defense Defense Time % Phy DF OF
1 Doug Janik Cameron Schilling 60 1 2 2
2 Seth Helgeson David Rundblad 40 1 2 2
Last Minutes Offensive
Center Left Wing Right Wing Defense Defense
Marek Zagrapan Bobby Butler Ryan Vesce Doug Janik Cameron Schilling
Last Minutes Defensive
Center Left Wing Right Wing Defense Defense
Marek Zagrapan Bobby Butler Ryan Vesce Doug Janik Cameron Schilling
Goaltenders
Starting : Brent Krahn
Backup : Joe Cannata
Extra Forwards
Normal : Alex Hutchings, David Laliberté, Billy Sweat - PP : Alex Hutchings, David Laliberté - PK : Billy Sweat
Extra Defensemen
Normal : Andrew Campbell, Robert Bortuzzo, Taylor Aronson - PP : Andrew Campbell - PK : Robert Bortuzzo, Taylor Aronson
Penalty Shots
Bobby Butler, Nigel Dawes, Ryan Vesce, Matt D'Agostini, Marek Zagrapan
Mustangs
5 vs 5 Forward
Center Left Wing Right Wing Time % Phy DF OF
1 Riley Armstrong Eric Wellwood Reilly Smith 40 0 2 3
2 Rick Schofield Marcus Foligno Ryan Keller 30 0 2 3
3 Jim O'Brien Brandon Saad Jerome Samson 20 0 2 3
4 Riley Nash Joshua Leivo Francis Paré 10 0 2 3
5 vs 5 Defense
Defense Defense Time % Phy DF OF
1 Joe Finley Cameron Gaunce 45 1 2 2
2 Alexei Marchenko Mark Pysyk 33 1 2 2
3 Eric Knodel Scott Mayfield 22 1 2 2
4 Alexei Marchenko Scott Mayfield 0 1 2 2
PowerPlay Forward
Center Left Wing Right Wing Time % Phy DF OF
1 Riley Armstrong Eric Wellwood Reilly Smith 60 0 0 5
2 Rick Schofield Marcus Foligno Ryan Keller 40 0 0 5
PowerPlay Defense
Defense Defense Time % Phy DF OF
1 Joe Finley Cameron Gaunce 60 0 1 4
2 Alexei Marchenko Mark Pysyk 40 0 1 4
Penalty Kill 4 Players Forward
Center Wing Time % Phy DF OF
1 Riley Armstrong Eric Wellwood 60 0 5 0
2 Rick Schofield Ryan Keller 40 0 5 0
Penalty Kill 4 Players Defense
Defense Defense Time % Phy DF OF
1 Joe Finley Cameron Gaunce 60 1 4 0
2 Alexei Marchenko Mark Pysyk 40 1 4 0
Penalty Kill - 3 Players Forward
Forward Time % Phy DF OF
1 Eric Wellwood 60 0 5 0
2 Riley Armstrong 40 0 5 0
Penalty Kill - 3 Players Defense
Defense Defense Time % Phy DF OF
1 Joe Finley Cameron Gaunce 60 1 4 0
2 Alexei Marchenko Mark Pysyk 40 1 4 0
4 vs 4 Forward
Center Wing Time % Phy DF OF
1 Riley Armstrong Reilly Smith 60 0 1 4
2 Rick Schofield Ryan Keller 40 0 1 4
4 vs 4 Defense
Defense Defense Time % Phy DF OF
1 Joe Finley Cameron Gaunce 60 0 2 3
2 Alexei Marchenko Mark Pysyk 40 0 2 3
Last Minutes Offensive
Center Left Wing Right Wing Defense Defense
Riley Armstrong Eric Wellwood Reilly Smith Joe Finley Cameron Gaunce
Last Minutes Defensive
Center Left Wing Right Wing Defense Defense
Rick Schofield Marcus Foligno Ryan Keller Alexei Marchenko Cameron Gaunce
Goaltenders
Starting : Chet Pickard
Backup : Peter Mannino
Extra Forwards
Normal : Riley Armstrong, Marcus Foligno, Ryan Keller - PP : Brandon Saad, Eric Wellwood - PK : Eric Wellwood
Extra Defensemen
Normal : Joe Finley, Mark Pysyk, Alexei Marchenko - PP : Cameron Gaunce - PK : Joe Finley, Mark Pysyk
Penalty Shots
Brandon Saad, Reilly Smith, Marcus Foligno, Eric Wellwood, Ryan Keller
% Time on Ice - Demolitions
Lines # - Real PCT - Wanted PCT - Time Play
Normal Forward
1 - 31% - 40% - 15:13
2 - 34% - 30% - 16:28
3 - 23% - 20% - 11:08
4 - 12% - 10% - 5:34
Normal Defense
1 - 39% - 40% - 18:51
2 - 28% - 30% - 13:31
3 - 23% - 20% - 11:00
4 - 10% - 10% - 5:01
PP Forward
1 - 56% - 60% - 2:14
2 - 44% - 40% - 1:44
PP Defense
1 - 60% - 60% - 2:22
2 - 40% - 40% - 1:36
PK Forward
1 - 77% - 60% - 5:53
2 - 23% - 40% - 1:46
PK Defense
1 - 54% - 60% - 4:10
2 - 46% - 40% - 3:29
PK3 Forward
1 - 0% - 60%
2 - 0% - 40%
PK3 Defense
1 - 0% - 60%
2 - 0% - 40%
44 Forward
1 - 0% - 60%
2 - 0% - 40%
44 Defense
1 - 0% - 60%
2 - 0% - 40%
Last Minute Offensive - 0:00
Last Minute Defensive - 0:00
Total
Forward - 60:00
Defense - 60:00
|
% Time on Ice - Mustangs
Lines # - Real PCT - Wanted PCT - Time Play
Normal Forward
1 - 31% - 40% - 15:01
2 - 29% - 30% - 13:51
3 - 23% - 20% - 11:08
4 - 17% - 10% - 8:23
Normal Defense
1 - 40% - 45% - 19:34
2 - 31% - 33% - 15:11
3 - 27% - 22% - 12:55
4 - 1% - 0% - 0:43
PP Forward
1 - 56% - 60% - 4:18
2 - 44% - 40% - 3:21
PP Defense
1 - 59% - 60% - 4:32
2 - 41% - 40% - 3:07
PK Forward
1 - 71% - 60% - 2:48
2 - 29% - 40% - 1:10
PK Defense
1 - 64% - 60% - 2:32
2 - 36% - 40% - 1:26
PK3 Forward
1 - 0% - 60%
2 - 0% - 40%
PK3 Defense
1 - 0% - 60%
2 - 0% - 40%
44 Forward
1 - 0% - 60%
2 - 0% - 40%
44 Defense
1 - 0% - 60%
2 - 0% - 40%
Last Minute Offensive - 0:00
Last Minute Defensive - 0:00
Total
Forward - 60:00
Defense - 60:00
|
Play by Play
1st period
0:01 of 1st period - Marek Zagrapan wins face-off versus Riley Armstrong in neutral zone.
0:12 of 1st period - Wrist shot by Ryan Vesce.
0:12 of 1st period - Shot Misses the Net.
0:26 of 1st period - Matt D'Agostini is hit by Cameron Gaunce and loses puck.
1:11 of 1st period - Snap shot by Riley Nash.
1:11 of 1st period - Shot Blocked by Doug Janik.
1:13 of 1st period - Wrist shot by Francis Paré.
1:13 of 1st period - Stopped by Brent Krahn with a rebound.
1:15 of 1st period - Slapshot by Eric Knodel.
1:15 of 1st period - Shot Blocked by Cameron Schilling.
1:36 of 1st period - David Rundblad is hit by Scott Mayfield.
1:56 of 1st period - Snap shot by Riley Armstrong.
1:56 of 1st period - Goal by Riley Armstrong - Demolitions : 0 - Mustangs : 1.
1:57 of 1st period - Rick Schofield wins face-off versus Corban Knight in neutral zone.
2:00 of 1st period - Matt D'Agostini is hit by Marcus Foligno and loses puck.
2:36 of 1st period - Snap shot by Riley Armstrong.
2:36 of 1st period - Stopped by Brent Krahn without a rebound.
2:37 of 1st period - Jim O'Brien wins face-off versus Corban Knight in Demolitions zone.
2:40 of 1st period - Slapshot by Jerome Samson.
2:40 of 1st period - Stopped by Brent Krahn without a rebound.
2:41 of 1st period - Jim O'Brien wins face-off versus Corban Knight in Demolitions zone.
2:48 of 1st period - Snap shot by Jerome Samson.
2:48 of 1st period - Shot Misses the Net.
2:52 of 1st period - Snap shot by Jerome Samson.
2:52 of 1st period - Stopped by Brent Krahn without a rebound.
2:53 of 1st period - Marek Zagrapan wins face-off versus Riley Armstrong in Demolitions zone.
3:37 of 1st period - Cameron Gaunce is hit by Bobby Butler and loses puck.
3:56 of 1st period - Snap shot by Jerome Samson.
3:56 of 1st period - Deflect By Jim O'Brien.
3:56 of 1st period - Shot Misses the Net.
3:56 of 1st period - Puck is out of play.
3:57 of 1st period - Jim O'Brien wins face-off versus Nigel Dawes in Demolitions zone.
4:00 of 1st period - Snap shot by Jerome Samson.
4:00 of 1st period - Shot Misses the Net.
4:02 of 1st period - Slapshot by Alexei Marchenko.
4:02 of 1st period - Deflect By Jerome Samson.
4:02 of 1st period - Shot Misses the Net.
4:02 of 1st period - Puck is out of play.
4:03 of 1st period - Riley Armstrong wins face-off versus Marek Zagrapan in Demolitions zone.
4:16 of 1st period - Snap shot by Riley Armstrong.
4:16 of 1st period - Shot Blocked by Marek Zagrapan.
5:28 of 1st period - Snap shot by Riley Armstrong.
5:28 of 1st period - Stopped by Brent Krahn with a rebound.
5:30 of 1st period - Slapshot by Mark Pysyk.
5:30 of 1st period - Shot Blocked by David Rundblad.
5:32 of 1st period - Slapshot by Mark Pysyk.
5:32 of 1st period - Deflect By Bobby Butler.
5:32 of 1st period - Stopped by Brent Krahn without a rebound.
5:33 of 1st period - Riley Armstrong wins face-off versus Bobby Butler in Demolitions zone.
5:42 of 1st period - Snap shot by Reilly Smith.
5:42 of 1st period - Shot Misses the Net.
6:25 of 1st period - Bobby Butler is hit by Riley Armstrong and loses puck.
6:30 of 1st period - Snap shot by Reilly Smith.
6:30 of 1st period - Goal by Reilly Smith - Demolitions : 0 - Mustangs : 2.
6:31 of 1st period - Jim O'Brien wins face-off versus Nigel Dawes in neutral zone.
6:49 of 1st period - Corban Knight is hit by Brandon Saad.
8:17 of 1st period - Icing by Billy Sweat.
8:18 of 1st period - Rick Schofield wins face-off versus Corban Knight in Demolitions zone.
8:31 of 1st period - Snap shot by Corban Knight.
8:31 of 1st period - Shot Misses the Net.
10:45 of 1st period - Snap shot by Reilly Smith.
10:45 of 1st period - Shot Blocked by Nigel Dawes.
10:56 of 1st period - Off-side.
10:57 of 1st period - Jim O'Brien wins face-off versus Marek Zagrapan in neutral zone.
11:21 of 1st period - Corban Knight is hit by Joe Finley and loses puck.
12:19 of 1st period - Wrist shot by Brandon Saad.
12:19 of 1st period - Shot Misses the Net.
13:04 of 1st period - Billy Sweat is hit by Joshua Leivo.
13:05 of 1st period - Icing by Billy Sweat.
13:06 of 1st period - Bobby Butler wins face-off versus Rick Schofield in Demolitions zone.
13:34 of 1st period - Nigel Dawes is hit by Riley Armstrong and loses puck.
13:49 of 1st period - Wrist shot by Marek Zagrapan.
13:49 of 1st period - Stopped by Chet Pickard without a rebound.
13:50 of 1st period - Jim O'Brien wins face-off versus Marek Zagrapan in Mustangs zone.
14:05 of 1st period - Snap shot by Jerome Samson.
14:05 of 1st period - Stopped by Brent Krahn with a rebound.
14:35 of 1st period - Billy Sweat is hit by Joe Finley and loses puck.
14:52 of 1st period - Off-side.
14:53 of 1st period - Marek Zagrapan wins face-off versus Rick Schofield in neutral zone.
15:02 of 1st period - Snap shot by Ryan Vesce.
15:02 of 1st period - Stopped by Chet Pickard with a rebound.
15:18 of 1st period - Alexei Marchenko is hit by Cameron Schilling and loses puck.
15:33 of 1st period - Snap shot by Jim O'Brien.
15:33 of 1st period - Stopped by Brent Krahn with a rebound.
15:54 of 1st period - Snap shot by Francis Paré.
15:54 of 1st period - Stopped by Brent Krahn without a rebound.
15:55 of 1st period - Bobby Butler wins face-off versus Riley Nash in Demolitions zone.
16:02 of 1st period - Slapshot by Bobby Butler.
16:02 of 1st period - Shot Misses the Net.
16:04 of 1st period - Wrist shot by Marek Zagrapan.
16:04 of 1st period - Deflect By Bobby Butler.
16:04 of 1st period - Goal by Bobby Butler - Demolitions : 1 - Mustangs : 2.
16:05 of 1st period - Marek Zagrapan wins face-off versus Riley Armstrong in neutral zone.
16:17 of 1st period - Eric Wellwood is hit by Ryan Vesce and loses puck.
16:59 of 1st period - Snap shot by Riley Nash.
16:59 of 1st period - Stopped by Brent Krahn without a rebound.
17:00 of 1st period - Riley Nash wins face-off versus Bobby Butler in Demolitions zone.
17:07 of 1st period - Snap shot by Riley Nash.
17:07 of 1st period - Stopped by Brent Krahn with a rebound.
17:19 of 1st period - Mark Pysyk is hit by Bobby Butler and loses puck.
17:26 of 1st period - Snap shot by David Laliberté.
17:26 of 1st period - Stopped by Chet Pickard with a rebound.
17:28 of 1st period - Snap shot by David Laliberté.
17:28 of 1st period - Shot Blocked by Alexei Marchenko.
17:30 of 1st period - Snap shot by Billy Sweat.
17:30 of 1st period - Stopped by Chet Pickard without a rebound.
17:31 of 1st period - Riley Armstrong wins face-off versus Corban Knight in Mustangs zone.
17:40 of 1st period - Snap shot by Reilly Smith.
17:40 of 1st period - Shot Misses the Net.
17:58 of 1st period - Snap shot by Ryan Vesce.
17:58 of 1st period - Shot Misses the Net.
18:26 of 1st period - Snap shot by Marcus Foligno.
18:26 of 1st period - Shot Blocked by Nigel Dawes.
18:31 of 1st period - Icing by Ryan Vesce.
18:32 of 1st period - Nigel Dawes wins face-off versus Riley Armstrong in Demolitions zone.
18:57 of 1st period - Brandon Saad is hit by Cameron Schilling.
19:02 of 1st period - Minor Penalty to Nigel Dawes for Roughing.
19:03 of 1st period - Riley Armstrong wins face-off versus Bobby Butler in Demolitions zone.
19:29 of 1st period - Alex Hutchings is hit by Marcus Foligno and loses puck.
19:42 of 1st period - Billy Sweat is hit by Marcus Foligno and loses puck.
19:53 of 1st period - Backhand shot by Corban Knight.
19:53 of 1st period - Shot Misses the Net.
Goals for this period are 1 for Demolitions vs 2 for Mustangs.
Shots for this period are 5 for Demolitions vs 13 for Mustangs.
2nd period
0:01 of 2nd period - Bobby Butler wins face-off versus Riley Armstrong in neutral zone.
0:15 of 2nd period - Slapshot by Cameron Gaunce.
0:15 of 2nd period - Stopped by Brent Krahn with a rebound.
0:25 of 2nd period - Doug Janik is hit by Cameron Gaunce and loses puck.
0:30 of 2nd period - Snap shot by Ryan Keller.
0:30 of 2nd period - Stopped by Brent Krahn without a rebound.
0:31 of 2nd period - Bobby Butler wins face-off versus Rick Schofield in Demolitions zone.
0:44 of 2nd period - Snap shot by Marcus Foligno.
0:44 of 2nd period - Goal by Marcus Foligno - Demolitions : 1 - Mustangs : 3.
0:45 of 2nd period - Riley Armstrong wins face-off versus Marek Zagrapan in neutral zone.
0:52 of 2nd period - Slapshot by Bobby Butler.
0:52 of 2nd period - Stopped by Chet Pickard with a rebound.
0:54 of 2nd period - Snap shot by Ryan Vesce.
0:54 of 2nd period - Shot Misses the Net.
1:07 of 2nd period - Icing by David Rundblad.
1:08 of 2nd period - Marcus Foligno wins face-off versus Marek Zagrapan in Demolitions zone.
1:37 of 2nd period - Reilly Smith is hit by Ryan Vesce and loses puck.
1:44 of 2nd period - Wrist shot by Ryan Vesce.
1:44 of 2nd period - Stopped by Chet Pickard with a rebound.
1:46 of 2nd period - Slapshot by Seth Helgeson.
1:46 of 2nd period - Deflect By Bobby Butler.
1:46 of 2nd period - Shot Blocked by Eric Wellwood.
1:46 of 2nd period - Puck is out of play.
1:47 of 2nd period - Corban Knight wins face-off versus Ryan Keller in Mustangs zone.
2:50 of 2nd period - Minor Penalty to Robert Bortuzzo for High sticking.
2:51 of 2nd period - Bobby Butler wins face-off versus Riley Armstrong in Demolitions zone.
2:51 of 2nd period - Bobby Butler is hit by Eric Wellwood.
3:27 of 2nd period - Bobby Butler is hit by Marcus Foligno and loses puck.
3:43 of 2nd period - Bobby Butler is hit by Reilly Smith and loses puck.
4:19 of 2nd period - Icing by Marcus Foligno.
4:20 of 2nd period - Riley Armstrong wins face-off versus Billy Sweat in Mustangs zone.
4:50 of 2nd period - Penalty to Robert Bortuzzo is over, Robert Bortuzzo is back on ice.
5:04 of 2nd period - Marek Zagrapan is hit by Brandon Saad.
5:16 of 2nd period - Snap shot by Nigel Dawes.
5:16 of 2nd period - Stopped by Chet Pickard without a rebound.
5:17 of 2nd period - Marek Zagrapan wins face-off versus Joshua Leivo in Mustangs zone.
5:18 of 2nd period - Slapshot by Ryan Vesce.
5:18 of 2nd period - Shot Misses the Net.
5:26 of 2nd period - Wrist shot by Joshua Leivo.
5:26 of 2nd period - Shot Misses the Net.
5:28 of 2nd period - Wrist shot by Joe Finley.
5:28 of 2nd period - Deflect By Riley Nash.
5:28 of 2nd period - Stopped by Brent Krahn with a rebound.
5:30 of 2nd period - Slapshot by Joe Finley.
5:30 of 2nd period - Stopped by Brent Krahn without a rebound.
5:31 of 2nd period - Eric Wellwood wins face-off versus Corban Knight in Demolitions zone.
5:32 of 2nd period - Snap shot by Riley Armstrong.
5:32 of 2nd period - Stopped by Brent Krahn with a rebound.
5:59 of 2nd period - Wrist shot by Ryan Vesce.
5:59 of 2nd period - Goal by Ryan Vesce - Demolitions : 2 - Mustangs : 3.
6:00 of 2nd period - Riley Armstrong wins face-off versus Marek Zagrapan in neutral zone.
7:37 of 2nd period - Wrist shot by David Laliberté.
7:37 of 2nd period - Shot Misses the Net.
8:30 of 2nd period - Slapshot by Jerome Samson.
8:30 of 2nd period - Deflect By Jim O'Brien.
8:30 of 2nd period - Stopped by Brent Krahn with a rebound.
8:32 of 2nd period - Snap shot by Cameron Gaunce.
8:32 of 2nd period - Stopped by Brent Krahn without a rebound.
8:33 of 2nd period - Corban Knight wins face-off versus Jim O'Brien in Demolitions zone.
8:44 of 2nd period - Snap shot by Jim O'Brien.
8:44 of 2nd period - Stopped by Brent Krahn without a rebound.
8:45 of 2nd period - Marek Zagrapan wins face-off versus Riley Armstrong in Demolitions zone.
9:20 of 2nd period - Wrist shot by Marcus Foligno.
9:20 of 2nd period - Shot Blocked by Cameron Schilling.
9:55 of 2nd period - Mark Pysyk is hit by Josh Beaulieu.
10:00 of 2nd period - Icing by Alexei Marchenko.
10:01 of 2nd period - Riley Nash wins face-off versus Marek Zagrapan in Mustangs zone.
10:01 of 2nd period - Riley Nash is hit by David Rundblad.
10:31 of 2nd period - Snap shot by Joshua Leivo.
10:31 of 2nd period - Stopped by Brent Krahn with a rebound.
10:33 of 2nd period - Snap shot by Alexei Marchenko.
10:33 of 2nd period - Stopped by Brent Krahn with a rebound.
10:35 of 2nd period - Snap shot by Riley Nash.
10:35 of 2nd period - Shot Misses the Net.
10:37 of 2nd period - Slapshot by Mark Pysyk.
10:37 of 2nd period - Shot Blocked by Nigel Dawes.
10:39 of 2nd period - Snap shot by Riley Nash.
10:39 of 2nd period - Shot Misses the Net.
10:55 of 2nd period - Slapshot by Francis Paré.
10:55 of 2nd period - Shot Blocked by Nigel Dawes.
10:57 of 2nd period - Wrist shot by Francis Paré.
10:57 of 2nd period - Shot Misses the Net.
10:59 of 2nd period - Snap shot by Joshua Leivo.
10:59 of 2nd period - Shot Misses the Net.
11:03 of 2nd period - Slapshot by Riley Nash.
11:03 of 2nd period - Stopped by Brent Krahn without a rebound.
11:04 of 2nd period - Riley Armstrong wins face-off versus Ryan Vesce in Demolitions zone.
11:27 of 2nd period - Joe Finley is hit by Billy Sweat and loses puck.
11:38 of 2nd period - Slapshot by Ryan Vesce.
11:38 of 2nd period - Deflect By Nigel Dawes.
11:38 of 2nd period - Shot Misses the Net.
11:38 of 2nd period - Puck is out of play.
11:39 of 2nd period - Nigel Dawes wins face-off versus Riley Armstrong in Mustangs zone.
12:44 of 2nd period - Cameron Gaunce is hit by Doug Janik and loses puck.
12:57 of 2nd period - David Rundblad is hit by Eric Wellwood and loses puck.
13:17 of 2nd period - Off-side.
13:18 of 2nd period - Corban Knight wins face-off versus Rick Schofield in neutral zone.
13:27 of 2nd period - Snap shot by Ryan Keller.
13:27 of 2nd period - Shot Blocked by Robert Bortuzzo.
13:29 of 2nd period - Slapshot by Rick Schofield.
13:29 of 2nd period - Shot Misses the Net.
13:31 of 2nd period - Slapshot by Joe Finley.
13:31 of 2nd period - Shot Blocked by Robert Bortuzzo.
13:33 of 2nd period - Snap shot by Ryan Keller.
13:33 of 2nd period - Deflect By Marcus Foligno.
13:33 of 2nd period - Shot Misses the Net.
13:33 of 2nd period - Puck is out of play.
13:34 of 2nd period - Riley Armstrong wins face-off versus Ryan Vesce in Demolitions zone.
14:01 of 2nd period - Doug Janik is hit by Cameron Gaunce and loses puck.
14:21 of 2nd period - Minor Penalty to Corban Knight for Interference.
14:22 of 2nd period - Bobby Butler wins face-off versus Eric Wellwood in Demolitions zone.
14:30 of 2nd period - Snap shot by Riley Armstrong.
14:30 of 2nd period - Stopped by Brent Krahn without a rebound.
14:31 of 2nd period - Bobby Butler wins face-off versus Riley Armstrong in Demolitions zone.
15:02 of 2nd period - Bobby Butler is hit by Riley Armstrong and loses puck.
15:19 of 2nd period - Wrist shot by Riley Armstrong.
15:19 of 2nd period - Deflect By Reilly Smith.
15:19 of 2nd period - Shot Blocked by Nigel Dawes.
15:19 of 2nd period - Puck is out of play.
15:20 of 2nd period - Ryan Vesce wins face-off versus Marcus Foligno in Demolitions zone.
15:27 of 2nd period - Alexei Marchenko is hit by Matt D'Agostini and loses puck.
16:21 of 2nd period - Penalty to Corban Knight is over, Corban Knight is back on ice.
16:57 of 2nd period - Wrist shot by Marek Zagrapan.
16:57 of 2nd period - Shot Misses the Net.
16:59 of 2nd period - Slapshot by David Rundblad.
16:59 of 2nd period - Shot Blocked by Scott Mayfield.
17:24 of 2nd period - Off-side.
17:25 of 2nd period - Riley Nash wins face-off versus Corban Knight in neutral zone.
17:28 of 2nd period - Cameron Schilling is hit by Riley Nash and loses puck.
17:57 of 2nd period - Snap shot by Matt D'Agostini.
17:57 of 2nd period - Stopped by Chet Pickard without a rebound.
17:58 of 2nd period - Marek Zagrapan wins face-off versus Jim O'Brien in Mustangs zone.
18:01 of 2nd period - Snap shot by Bobby Butler.
18:01 of 2nd period - Stopped by Chet Pickard with a rebound.
18:25 of 2nd period - Cameron Gaunce is hit by Robert Bortuzzo and loses puck.
18:34 of 2nd period - Slapshot by Jim O'Brien.
18:34 of 2nd period - Deflect By Brandon Saad.
18:34 of 2nd period - Stopped by Brent Krahn without a rebound.
18:35 of 2nd period - Riley Armstrong wins face-off versus Nigel Dawes in Demolitions zone.
18:42 of 2nd period - Wrist shot by Reilly Smith.
18:42 of 2nd period - Shot Misses the Net.
18:44 of 2nd period - Slapshot by Mark Pysyk.
18:44 of 2nd period - Deflect By Reilly Smith.
18:44 of 2nd period - Shot Blocked by Cameron Schilling.
18:44 of 2nd period - Puck is out of play.
18:45 of 2nd period - Corban Knight wins face-off versus Riley Armstrong in Demolitions zone.
18:45 of 2nd period - Corban Knight is hit by Cameron Gaunce.
19:11 of 2nd period - Doug Janik is hit by Ryan Keller and loses puck.
19:18 of 2nd period - Snap shot by Ryan Keller.
19:18 of 2nd period - Shot Misses the Net.
19:20 of 2nd period - Wrist shot by Ryan Keller.
19:20 of 2nd period - Shot Blocked by Cameron Schilling.
19:22 of 2nd period - Wrist shot by Marcus Foligno.
19:22 of 2nd period - Deflect By Ryan Keller.
19:22 of 2nd period - Stopped by Brent Krahn with a rebound.
19:24 of 2nd period - Slapshot by Ryan Keller.
19:24 of 2nd period - Stopped by Brent Krahn with a rebound.
19:30 of 2nd period - Minor Penalty to Ryan Vesce for Slashing.
19:31 of 2nd period - Reilly Smith wins face-off versus Bobby Butler in Demolitions zone.
19:46 of 2nd period - Wrist shot by Riley Armstrong.
19:46 of 2nd period - Shot Blocked by Seth Helgeson.
Goals for this period are 1 for Demolitions vs 1 for Mustangs.
Shots for this period are 6 for Demolitions vs 16 for Mustangs.
3rd period
0:01 of 3rd period - Riley Armstrong wins face-off versus Bobby Butler in neutral zone.
0:06 of 3rd period - Nigel Dawes is hit by Eric Wellwood and loses puck.
0:11 of 3rd period - Slapshot by Reilly Smith.
0:11 of 3rd period - Shot Misses the Net.
0:13 of 3rd period - Slapshot by Reilly Smith.
0:13 of 3rd period - Shot Blocked by Cameron Schilling.
0:15 of 3rd period - Slapshot by Cameron Gaunce.
0:15 of 3rd period - Stopped by Brent Krahn without a rebound.
0:16 of 3rd period - Riley Armstrong wins face-off versus Bobby Butler in Demolitions zone.
1:30 of 3rd period - Penalty to Ryan Vesce is over, Ryan Vesce is back on ice.
1:48 of 3rd period - Snap shot by Marek Zagrapan.
1:48 of 3rd period - Shot Blocked by Cameron Gaunce.
1:50 of 3rd period - Snap shot by Ryan Vesce.
1:50 of 3rd period - Stopped by Chet Pickard without a rebound.
1:51 of 3rd period - Riley Nash wins face-off versus Marek Zagrapan in Mustangs zone.
2:30 of 3rd period - Minor Penalty to Eric Knodel for Hooking.
2:31 of 3rd period - Marek Zagrapan wins face-off versus Riley Armstrong in Mustangs zone.
2:57 of 3rd period - Cameron Gaunce is hit by Doug Janik and loses puck.
4:30 of 3rd period - Penalty to Eric Knodel is over, Eric Knodel is back on ice.
5:15 of 3rd period - Slapshot by Ryan Keller.
5:15 of 3rd period - Shot Blocked by Billy Sweat.
5:17 of 3rd period - Slapshot by Mark Pysyk.
5:17 of 3rd period - Shot Blocked by Billy Sweat.
5:19 of 3rd period - Wrist shot by Rick Schofield.
5:19 of 3rd period - Deflect By Ryan Keller.
5:19 of 3rd period - Shot Misses the Net.
5:19 of 3rd period - Puck is out of play.
5:20 of 3rd period - Corban Knight wins face-off versus Jim O'Brien in Demolitions zone.
5:20 of 3rd period - Corban Knight is hit by Joe Finley.
5:30 of 3rd period - Slapshot by Corban Knight.
5:30 of 3rd period - Shot Misses the Net.
5:46 of 3rd period - Bobby Butler is hit by Riley Nash and loses puck.
6:03 of 3rd period - Slapshot by Doug Janik.
6:03 of 3rd period - Stopped by Chet Pickard with a rebound.
7:26 of 3rd period - Andrew Campbell is hit by Brandon Saad and loses puck.
7:39 of 3rd period - Alex Hutchings is hit by Alexei Marchenko and loses puck.
7:54 of 3rd period - Robert Bortuzzo is hit by Mark Pysyk and loses puck.
8:03 of 3rd period - Marek Zagrapan is hit by Riley Armstrong.
8:13 of 3rd period - Slapshot by Cameron Schilling.
8:13 of 3rd period - Stopped by Chet Pickard with a rebound.
8:15 of 3rd period - Slapshot by Doug Janik.
8:15 of 3rd period - Shot Misses the Net.
8:17 of 3rd period - Slapshot by Cameron Schilling.
8:17 of 3rd period - Shot Misses the Net.
8:36 of 3rd period - Snap shot by Jim O'Brien.
8:36 of 3rd period - Shot Misses the Net.
8:38 of 3rd period - Snap shot by Brandon Saad.
8:38 of 3rd period - Goal by Brandon Saad - Demolitions : 2 - Mustangs : 4.
8:39 of 3rd period - Riley Armstrong wins face-off versus Corban Knight in neutral zone.
9:41 of 3rd period - Seth Helgeson is hit by Rick Schofield.
9:48 of 3rd period - Minor Penalty to Ryan Keller for Holding.
9:49 of 3rd period - Riley Armstrong wins face-off versus Marek Zagrapan in Mustangs zone.
10:08 of 3rd period - Slapshot by David Rundblad.
10:08 of 3rd period - Stopped by Chet Pickard without a rebound.
10:09 of 3rd period - Rick Schofield wins face-off versus Corban Knight in Mustangs zone.
10:42 of 3rd period - Snap shot by Marcus Foligno.
10:42 of 3rd period - Deflect By Seth Helgeson.
10:42 of 3rd period - Stopped by Brent Krahn without a rebound.
10:43 of 3rd period - Rick Schofield wins face-off versus Marek Zagrapan in Demolitions zone.
11:18 of 3rd period - Slapshot by Matt D'Agostini.
11:18 of 3rd period - Stopped by Chet Pickard with a rebound.
11:48 of 3rd period - Penalty to Ryan Keller is over, Ryan Keller is back on ice.
12:10 of 3rd period - Wrist shot by Riley Armstrong.
12:10 of 3rd period - Stopped by Brent Krahn without a rebound.
12:11 of 3rd period - Corban Knight wins face-off versus Jim O'Brien in Demolitions zone.
12:36 of 3rd period - Riley Nash is hit by Ryan Vesce and loses puck.
14:12 of 3rd period - Snap shot by Billy Sweat.
14:12 of 3rd period - Shot Misses the Net.
14:14 of 3rd period - Slapshot by Seth Helgeson.
14:14 of 3rd period - Shot Misses the Net.
15:54 of 3rd period - Snap shot by Ryan Keller.
15:54 of 3rd period - Shot Misses the Net.
16:00 of 3rd period - Snap shot by Reilly Smith.
16:00 of 3rd period - Stopped by Brent Krahn without a rebound.
16:01 of 3rd period - Jim O'Brien wins face-off versus Marek Zagrapan in Demolitions zone.
16:12 of 3rd period - Wrist shot by Jerome Samson.
16:12 of 3rd period - Deflect By Bobby Butler.
16:12 of 3rd period - Stopped by Brent Krahn with a rebound.
16:24 of 3rd period - Nigel Dawes is hit by Reilly Smith and loses puck.
17:52 of 3rd period - Alex Hutchings is hit by Reilly Smith and loses puck.
18:48 of 3rd period - Joe Finley is hit by Marek Zagrapan and loses puck.
19:05 of 3rd period - Wrist shot by Jim O'Brien.
19:05 of 3rd period - Deflect By Doug Janik.
19:05 of 3rd period - Shot Misses the Net.
19:05 of 3rd period - Puck is out of play.
19:06 of 3rd period - Billy Sweat wins face-off versus Jim O'Brien in Demolitions zone.
19:06 of 3rd period - Billy Sweat is hit by Brandon Saad.
19:33 of 3rd period - Ryan Keller is hit by David Laliberté and loses puck.
Goals for this period are 0 for Demolitions vs 1 for Mustangs.
Shots for this period are 5 for Demolitions vs 6 for Mustangs.
Back to the Top